 Dungeon Crawl Stone Soup version 0.31-a0-986-g5e6e4ef867 (webtiles) character file.

Game seed: 12172286460309760716

15676 wingedge the Fighter (level 11, -1/99 HPs)
             Began as a Demigod Wanderer on Nov 8, 2023.
             Slain by a centaur warrior simulacrum (8 damage)
             ... in a Gauntlet.
             The game lasted 00:45:28 (15367 turns).

wingedge the Fighter (Demigod Wanderer)            Turns: 15367, Time: 00:45:28

Health: -1/99      AC: 18    Str: 11    XL:     11   Next: 72%
Magic:  11/22      EV: 15    Int: 27    God:
Gold:   145        SH:  0    Dex: 14    Spells: 10/20 levels left

rFire   . . .        p - staff of poison
rCold   . . .        (no shield)
rNeg    . . .        g - +0 steam dragon scales
rPois   +            (no helmet)
rElec   .            E - +1 cloak
rCorr   .            G - +0 pair of gloves
SInv    .            (no boots)
Will    +....        (no amulet)
Stlth   ++           R - +4 ring of protection
HPRegen 0.36/turn    x - +4 ring of protection
MPRegen 0.18/turn

%: no teleportation
@: attractive
A: high MP 1, forlorn, divine attributes
a: no special abilities


You were in a Gauntlet.
You visited 2 branches of the dungeon, and saw 12 of its levels.
You also visited: Gauntlet.

You collected 543 gold pieces.
You spent 398 gold pieces at shops.

Inventory:

Hand Weapons
 h - a +2 short sword of holy wrath
 r - a +2 dagger of protection
 I - a +0 falchion of holy wrath
 N - a +2 morningstar
 O - a +3 scimitar of freezing
Missiles
 b - 51 poisoned darts
 A - 5 atropa-tipped darts
 J - a throwing net
 Q - 5 curare-tipped darts
 Y - 3 silver javelins
Armour
 g - +0 steam dragon scales (worn)
 E - a +1 cloak (worn)
 G - a +0 pair of gloves (worn)
Magical Staves
 o - a staff of conjuration
 p - a staff of poison (weapon)
 y - a staff of fire
 P - a staff of air
Jewellery
 m - a ring of positive energy
 s - a ring of see invisible
 x - a +4 ring of protection (right hand)
 B - a ring of magical power
 R - a +4 ring of protection (left hand)
 W - the ring "Qurosampaa" {*Slow rElec rN+ Will+ SInv}
   (You bought it in a shop on level 6 of the Dungeon)

   [ring of see invisible]

   rElec:     It insulates you from electricity.
   rN+:       It protects you from negative energy.
   Will+:     It increases your willpower.
   SInv:      It lets you see invisible.
   *Slow:     It may slow you when you take damage.
Wands
 F - a wand of roots (12)
 V - a wand of polymorph (8)
 X - a wand of mindburst (6)
Scrolls
 d - 4 scrolls of fog
 i - 2 scrolls of immolation
 j - a scroll of enchant weapon
 k - 2 scrolls of enchant armour
 n - 4 scrolls of amnesia
 q - a scroll of torment
 t - 3 scrolls of noise
 w - 5 scrolls of poison
 z - a scroll of revelation
 C - 3 scrolls of fear
 K - 2 scrolls of teleportation {unknown}
 M - 2 scrolls of vulnerability {unknown}
 S - 3 scrolls of brand weapon
 T - a scroll of blinking {unknown}
Potions
 l - 3 potions of might
 u - a potion of haste {unknown}
 v - a potion of brilliance {unknown}
 D - 2 potions of degeneration {unknown}
 L - 2 potions of enlightenment {unknown}
 Z - a potion of invisibility {unknown}


   Skills:
 - Level 10.0 Fighting
 - Level 1.0 Polearms
 - Level 1.0 Throwing
 - Level 7.0 Armour
 - Level 7.0 Dodging
 - Level 1.0 Stealth
 + Level 5.3 Spellcasting
 + Level 5.3 Conjurations
 + Level 5.3 Ice Magic
 - Level 5.0 Air Magic
 - Level 5.0 Poison Magic


You had 10 spell levels left.
You knew the following spells:

 Your Spells              Type           Power      Damage    Failure   Level
a - Shock                 Conj/Air       100%       1d9       1%          1
b - Mephitic Cloud        Conj/Pois/Air  51%        N/A       2%          3
c - Hailstorm             Conj/Ice       36%        3d9       2%          3
d - Frozen Ramparts       Ice            72%        1d11      2%          3

Your spell library contained the following spells:

 Spells                   Type           Power      Damage    Failure   Level
 Freeze                   Ice            100%       1d10      1%          1
 Swiftness                Air            34%        N/A       2%          3
 Gell's Gravitas          Tloc           7%         N/A       22%         3
 Teleport Other           Tloc           7%         N/A       22%         3
 Dispersal                Tloc           3%         N/A       100%        6


Dungeon Overview and Level Annotations

Branches:
Dungeon (9/15)             Temple (0/1) D:7            Lair (3/5) D:8
 Shoals (0/4) Lair:2        Snake (0/4) Lair:3      Gauntlet (1/1)
    Orc: D:9-12

Shops:
D:6 *   D:8 *

Annotations:
D:8 3 runed translucent doors, Fodor's ghost, novice MiFi
Lair:2 Nergalle Gauntlet 10 transporters


Innate Abilities, Weirdness & Mutations

You have an increased reservoir of magic. (+10% MP)
You shall have no god before yourself.
Your divine heritage dramatically boosts your attributes as you level up.


Message History

* * * LOW HITPOINT WARNING * * *
The meliai simulacrum hits you but does no damage.
The centaur warrior simulacrum hits you but does no damage.
The centaur warrior simulacrum kicks you but does no damage.
The meliai simulacrum hits you but does no damage.
The meliai simulacrum misses you.
The meliai simulacrum barely misses you.
The meliai simulacrum completely misses you.
The centaur warrior simulacrum hits you but does no damage.
The centaur warrior simulacrum kicks you but does no damage.
Okay, then.
Okay, then.
You enter a dispersal trap!
The meliai simulacrum blinks!
The centaur warrior simulacrum blinks! x3; The meliai simulacrum blinks!
You blink.
The meliai simulacrum closely misses you.
The meliai simulacrum barely misses you.
The meliai simulacrum hits you but does no damage. x2
Casting: Hailstorm (mildly dangerous; 2% risk of failure)
Confirm with . or Enter, or press ? or * to list all spells.
Okay, then.
Okay, then.
Okay, then.
It was a potion of attraction.
You feel attractive to monsters.
The meliai simulacrum barely misses you.
The meliai simulacrum hits you but does no damage.
The meliai simulacrum misses you.
The meliai simulacrum hits you but does no damage.
The meliai simulacrum hits you but does no damage.
The meliai simulacrum barely misses you.
The centaur warrior simulacrum hits you but does no damage.
The centaur warrior simulacrum barely misses you.
The centaur warrior simulacrum is attracted toward you.
There is a transporter here.
You enter the transporter and appear at another place.
The meliai simulacrum hits you but does no damage. x3
The meliai simulacrum barely misses you.
The centaur warrior simulacrum hits you!
You die...

.#..#©.##©.©#..#####..#..#
#.P#..#.#...#.#.©#..#.#..###
..#.P#..#####.#.z#..#.#..#8#
.#..#...#...#..##.##..#..###
#9.#....#...#.z.......#..#
#########.§§###########..###
.#.©.#...§≈§...#.©.#.....#8#
.#...#.8§§8§.8.#Z..#.8...###
.#.©.#....≈....#Z@Z#.....#
#########...###########..###
........#...##.......##..#8#
#.#.#.#.#...#.#....^#.#..###
.#.#.#..#...#..#..^#..#..#
#.#.#.#5#...#?.Z#^#...#..###
.#.©.#.5#...#§..§#©.§.#©.#8#
#.#.#.#3#...#!..#^#...#..###
.#.#.#.5#...#..#...#..#..#


You could see 2 flying skulls, 2 centaur warrior simulacra and 2 meliai
simulacra.

Vanquished Creatures
  2 hydras (Lair:2)
  The ghost of strawberryx3c the Protected, a novice GnWn of Uskayaw (D:7)
  4 harpies (Lair:2)
  3 elephants (Lair:2)
  4 black mambas
  A rime drake (Lair:2)
  A cane toad (Lair:2)
  A kobold demonologist (D:7)
  3 komodo dragons (Lair:1)
  A basilisk (Lair:1)
  15 yaks
  A steam dragon (D:9)
  6 water moccasins
  A black bear (D:5)
  An orc warrior (D:7)
  12 wolves
  2 phantoms
  11 kobold brigands
  9 bullfrogs
  A gnoll sergeant (D:6)
  A scorpion (D:6)
  A cane toad simulacrum (Gauntlet)
  9 wights
  9 killer bees
  A howler monkey (D:6)
  2 hounds
  A jelly (D:8)
  A gnoll bouda (D:6)
  6 orc priests
  2 sleepcaps (D:6)
  4 iguanas
  11 orc wizards
  11 gnolls
  8 adders
  3 shadow imps
  2 white imps
  2 ufetubi (D:6)
  A worm (D:4)
  28 orcs
  9 bats
  4 endoplasms
  7 giant cockroaches
  2 goblins
  6 hobgoblins
  20 kobolds
  3 quokkas
  14 ball pythons
  4 rats (D:1)
252 creatures vanquished.

Vanquished Creatures (collateral kills)
  A cane toad (Lair:1)
  A komodo dragon (Lair:1)
2 creatures vanquished.

Vanquished Creatures (others)
  An electric eel (D:6)
  An orc (D:6)
2 creatures vanquished.

Grand Total: 256 creatures vanquished

Notes
Turn   | Place    | Note
-------+----------+-------------------------------------------
     0 | D:1      | wingedge the Demigod Wanderer began the quest for the Orb.
     0 | D:1      | wingedge set off with the following items: a +0 spear, 10
                  | poisoned darts, a +0 dagger, a scroll of fog, a +0 robe;
                  | and the following spell memorised: Shock; and the following
                  | spells available to memorise: Swiftness, Mephitic Cloud.
     0 | D:1      | Reached XP level 1. HP: 17/17 MP: 5/5
   393 | D:1      | Reached skill level 2 in Fighting
   601 | D:1      | Reached XP level 2. HP: 24/24 MP: 5/7
  1140 | D:1      | Reached skill level 1 in Conjurations
  1761 | D:2      | Reached XP level 3. HP: 16/29 MP: 0/8
  2906 | D:3      | Reached XP level 4. HP: 36/36 MP: 5/9
  3447 | D:3      | Learned a level 3 spell: Mephitic Cloud
  4094 | D:4      | Reached skill level 1 in Dodging
  4166 | D:4      | Reached XP level 5. HP: 34/41 MP: 3/11
  4346 | D:4      | Reached skill level 1 in Poison Magic
  4685 | D:5      | Entered Level 5 of the Dungeon
  4699 | D:5      | Noticed a black bear
  5020 | D:5      | Reached XP level 6. HP: 48/48 MP: 13/13
  5917 | D:6      | Reached XP level 7. HP: 55/55 MP: 13/15
  6185 | D:6      | You fall into a shaft and drop 1 floor!
  6637 | D:7      | Reached skill level 5 in Dodging
  6874 | D:7      | Found a staircase to the Ecumenical Temple.
  6915 | D:6      | Reached XP level 8. HP: 52/61 MP: 16/17
  7490 | D:6      | Found Leuppev's General Store.
  7647 | D:6      | Reached skill level 1 in Armour
  8152 | D:6      | Learned a level 3 spell: Hailstorm
  8437 | D:7      | Found a runed translucent gate.
  8438 | D:7      | Found a runed translucent gate.
  8464 | D:7      | Noticed a kobold demonologist
  8464 | D:7      | Noticed strawberryx3c's ghost (novice GnWn)
  8465 | D:7      | Found a runed translucent gate.
  8733 | D:7      | Reached XP level 9. HP: 36/67 MP: 17/18
  8750 | D:7      | Reached skill level 1 in Ice Magic
  8750 | D:7      | Reached skill level 5 in Air Magic
  9031 | D:7      | Reached skill level 5 in Conjurations
  9071 | D:7      | Noticed a smoke demon
  9079 | D:7      | Killed strawberryx3c's ghost
  9083 | D:7      | Killed a kobold demonologist
  9084 | D:7      | Reached skill level 5 in Armour
  9418 | D:8      | Reached skill level 3 in Fighting
 10001 | D:8      | Found Ammo's Assorted Antiques.
 10050 | D:8      | Found a staircase to the Lair.
 10073 | D:8      | Reached XP level 10. HP: 74/77 MP: 20/20
 10251 | D:8      | Found a runed translucent gate.
 10252 | D:8      | Found a runed translucent gate.
 10253 | D:8      | Found a runed translucent gate.
 10261 | D:8      | Noticed Fodor's ghost (novice MiFi)
 10764 | D:9      | Reached skill level 4 in Fighting
 10764 | D:9      | Reached skill level 5 in Ice Magic
 10780 | D:9      | Reached skill level 5 in Poison Magic
 10997 | D:6      | Bought the ring "Qurosampaa" {*Slow rElec rN+ Will+ SInv}
                  | for 398 gold pieces
 11068 | Lair:1   | Entered Level 1 of the Lair of Beasts
 11079 | Lair:1   | Reached skill level 5 in Spellcasting
 11250 | Lair:1   | Reached skill level 5 in Fighting
 11615 | Lair:1   | Reached skill level 6 in Fighting
 11824 | Lair:1   | Noticed a black mamba
 11841 | Lair:1   | Killed a black mamba
 11893 | Lair:1   | Learned a level 3 spell: Frozen Ramparts
 12236 | Lair:1   | Noticed a black mamba
 12248 | Lair:1   | Killed a black mamba
 12890 | Lair:2   | Noticed a four-headed hydra
 12916 | Lair:2   | Reached skill level 7 in Fighting
 12917 | Lair:2   | Reached XP level 11. HP: 57/92 MP: 13/22
 13085 | Lair:2   | Killed a four-headed hydra
 13154 | Lair:2   | Noticed a harpy
 13155 | Lair:2   | Noticed a harpy
 13218 | Lair:2   | Noticed a harpy
 13225 | Lair:2   | Killed a harpy
 13226 | Lair:2   | Killed a harpy
 13314 | Lair:2   | Killed a harpy
 13315 | Lair:2   | Reached skill level 8 in Fighting
 13350 | Lair:2   | Noticed a harpy
 13412 | Lair:2   | Killed a harpy
 13565 | Lair:2   | Noticed a six-headed hydra
 13932 | Lair:2   | Reached skill level 9 in Fighting
 14085 | Lair:2   | Found a staircase to the Shoals.
 14107 | Lair:2   | Killed a six-headed hydra
 14348 | Lair:2   | Noticed Nergalle
 14542 | Lair:2   | Reached skill level 10 in Fighting
 15036 | Gauntlet | Identified the "Kijipemp"
 15126 | Lair:3   | Found a gate leading to a gauntlet.
 15139 | Gauntlet | Entered a Gauntlet
 15139 | Gauntlet | Found a transporter.
 15139 | Gauntlet | Found a transporter.
 15141 | Gauntlet | Found a transporter.
 15144 | Gauntlet | Found a transporter.
 15144 | Gauntlet | Found a transporter.
 15148 | Gauntlet | Noticed a sixfirhy
 15151 | Gauntlet | Noticed a fire crab
 15157 | Gauntlet | Found a transporter.
 15222 | Gauntlet | Found a transporter.
 15232 | Gauntlet | Found a transporter.
 15232 | Gauntlet | Found the +3 hat of Pondering {ponderous, Will+ MP+10
                  | Int+5}
 15249 | Gauntlet | Found a transporter.
 15252 | Gauntlet | Noticed a catoblepas
 15266 | Gauntlet | Found a transporter.
 15277 | Gauntlet | Found a transporter.
 15285 | Gauntlet | Found a transporter.
 15367 | Gauntlet | Slain by a centaur warrior simulacrum

Illustrated notes

Levels and vault maps discovered:
D:1:      saegor_arrival_simple_d, layout_loops_corners
D:2:      layout_basic, nicolae_ecumenical_snake_handling
D:3:      layout_loops_corners
D:4:      layout_cave_pods, nicolae_elyvilon_peaceful_grove,
          kennysheep_mini_moat, nzn_hepliaklqana_mist_gate, xom_butterflies
D:5:      layout_cave_pools, bloody_trog, zin_statuary,
          nzn_wu_jian_contemplation, kennysheep_generic_room_15
D:6:      minmay_diamond_boxcup, layout_rooms, mainiacjoe_overflow_alcove_2,
          nicolae_overflow_squiral, serial_shops, shop, grunt_ministairs_1
D:7:      layout_basic, temple_pool_b, gammafunk_ghost_nasty_kobolds,
          chequers_hall_statues_corner_a
D:8:      layout_cave_pools, gammafunk_temple_overflow_elements,
          dpeg_oklobed_lair, gammafunk_ghost_spectres, serial_shops,
          nicolae_lakefront_shop
D:9:      layout_rooms, orc_0_dummy, gammafunk_ghost_berserking_beasts,
          minmay_mirror_moons_of_madness
Lair:1:   layout_cave_shapes, grunt_megastairs_4, lemuel_fruit_fields,
          infiniplex_staircase_pool
Lair:2:   layout_loops_ring, nicolae_shoals_entry_roost,
          small_statue_intersection, minivault_24, lemuel_fruit_fields,
          uniq_nergalle
Lair:3:   layout_small_grid, guppyfry_snake_entry_garden,
          gauntlet_entry_generic, ice2_lemuel, uniq_sonja
Gauntlet: gammafunk_gauntlet_shortcut [gammafunk_gauntlet_arena_hedges,
          gammafunk_gauntlet_arena_crates, nicolae_gauntlet_arena_x,
          nicolae_gauntlet_arena_quarters,
          gammafunk_gauntlet_arena_arrow_garden, gammafunk_gauntlet_arena_grid,
          dreamdust_gauntlet_exit_labyrinth]

Skill      XL: |  1  2  3  4  5  6  7  8  9 10 11 |
---------------+----------------------------------+-----
Fighting       | 2 3 7 10 | 10.0
Spellcasting   | 2 3 4 5 |  5.3
Air Magic      | 3 4 5 |  5.0
Conjurations   | 2 3 4 5 |  5.3
Dodging        | 1 2 5 6 7 |  7.0
Poison Magic   | 1 2 3 4 5 |  5.0
Armour         | 2 5 6 7 |  7.0
Ice Magic      | 4 5 |  5.3
Polearms       | |  1.0
Throwing       | |  1.0
Stealth        | |  1.0

Action                     |  1- 3 |  4- 6 |  7- 9 | 10-12 || total
---------------------------+-------+-------+-------+-------++-------
  Melee: Spear             |    14 |       |       |       ||    14
         Staff             |       |     5 |     5 |    15 ||    25
         Dagger            |       |     2 |     5 |       ||     7
         Scimitar          |       |       |     3 |    26 ||    29
         Short sword       |       |       |    35 |       ||    35
         Punch             |       |       |     1 |       ||     1
   Cast: Shock             |   109 |   136 |   293 |   231 ||   769
         Mephitic Cloud    |       |    12 |    47 |    24 ||    83
         Hailstorm         |       |       |    12 |    53 ||    65
         Frozen Ramparts   |       |       |       |    14 ||    14
    Use: Scroll            |       |       |     7 |     8 ||    15
         Potion            |       |       |       |     7 ||     7
   Stab: Confused          |       |       |     1 |     1 ||     2
 Armour: Robe              |    19 |    29 |   200 |     9 ||   257
         Steam dragon scal |       |       |       |   246 ||   246
  Dodge: Dodged            |    31 |    40 |   240 |   256 ||   567

Table legend: (Time is in decaauts)
 A = Elapsed time spent in this place.
 B = Non-inter-level travel time spent in this place.
 C = Inter-level travel time spent in this place.
 D = Time resting spent in this place.
 E = Time spent auto-exploring this place.
 F = Levels seen in this place.
 G = Mean time per level.
                   A        B        C        D        E       F      G
               +--------+--------+--------+--------+--------+-----+--------+
         Total |  15454 |  14959 |    495 |   5374 |   7070 |  13 | 1188.8 |
       Dungeon |  11134 |  10762 |    372 |   3415 |   5688 |   9 | 1237.1 |
          Lair |   4093 |   3970 |    123 |   1958 |   1382 |   3 | 1364.3 |
      Gauntlet |    226 |    226 |      0 |      0 |      0 |   1 |  226.0 |
               +--------+--------+--------+--------+--------+-----+--------+

Top non-repeatable levels by time:
     D:7: 2382 daAuts
  Lair:1: 2185 daAuts
  Lair:2: 1805 daAuts
     D:1: 1466 daAuts
     D:6: 1376 daAuts
     D:4: 1360 daAuts
     D:8: 1159 daAuts
     D:5: 1038 daAuts
     D:2: 1023 daAuts
     D:3: 1008 daAuts
     D:9: 320 daAuts
Gauntlet: 226 daAuts
  Lair:3: 102 daAuts
